 Dungeon Crawl Stone Soup version 0.29-a0-474-gdfe5cd140f (webtiles) character file.

Game seed: 12959082176739211458

196192 Sobieck the Devastator (level 17, -19/132 HPs)
             Began as a Demigod Conjurer on May 22, 2022.
             Demolished by a cyan very ugly thing (20 damage)
             ... while paralysed by a floating eye
             ... on level 3 of the Abyss on May 23, 2022.
             The game lasted 03:41:29 (41845 turns).

Sobieck the Devastator (Demigod Conjurer)          Turns: 41845, Time: 03:41:29

Health: -19/132    AC: 12    Str:  7    XL:     17   Next: 52%
Magic:  40/41      EV:  2    Int: 46    God:
Gold:   2512       SH:  0    Dex: 21    Spells: 8/46 levels left

rFire   + + .      SeeInvis .   a - +9 falchion "Wet Bine" {flame, Will+, long}
rCold   + . .      Faith    .   C - +1 buckler
rNeg    + + +      Spirit   .   G - +2 robe {rC+ rF+}
rPois   +          Reflect  .   M - +2 helmet
rElec   .          Harm     .   T - scarf {repulsion}
rCorr   .          Rampage  .   t - +2 pair of gloves
Will    ++...                   s - +1 pair of boots "Kirutt" {Contam rF+ rN+ Str-4 Dex+9}
Stlth   ++........              N - amulet of magic regeneration {@e2}
HPRegen 0.32/turn               V - ring of the Writhing Seer {Contam rPois rN++ Str+3 Int+6 Slay+4}
MPRegen 0.67/turn               d - ring of wizardry

@: paralysed, very slightly contaminated, silenced, repel missiles
A: high MP 1, forlorn, divine attributes
a: no special abilities


You were on level 3 of the Abyss.
You visited 5 branches of the dungeon, and saw 29 of its levels.
You visited the Abyss 2 times.
You also visited: Gauntlet and Ice Cave.

You collected 3352 gold pieces.
You spent 840 gold pieces at shops.


Innate Abilities, Weirdness & Mutations

You have an increased reservoir of magic. (+10% MP)
You shall have no god before yourself.
Your divine heritage dramatically boosts your attributes as you level up.


   Skills:
 - Level 7.0 Fighting
 - Level 7.0 Dodging
 - Level 1.7 Stealth
 - Level 4.0 Shields
 - Level 15.0 Spellcasting
 + Level 16.0 Conjurations
 - Level 6.0 Hexes
 - Level 5.0 Translocations
 - Level 6.0 Transmutations
 + Level 15.6 Fire Magic
 - Level 5.0 Evocations


You had 8 spell levels left.
You knew the following spells:

 Your Spells              Type           Power      Damage    Failure   Level
a - Irradiate             Conj/Tmut      47%        3d29      1%          5
b - Searing Ray           Conj           100%       2d8       0%          2
c - Fulminant Prism       Conj/Hex       47%        3d21      1%          4
d - Iskenderun's Mystic   Conj/Tloc      92%        2d18      1%          4
e - Tukima's Dance        Hex            74%        N/A       1%          3
f - Yara's Violent Unrav  Hex/Tmut       37%        3d15      1%          5
g - Iskenderun's Battles  Conj           100%       2d15      1%          5
h - Magic Dart            Conj           100%       1d8       0%          1
i - Ignition              Fire           54%        3d15      4%          8
j - Foxfire               Conj/Fire      100%       2x1d9     0%          1

Your spell library contained the following spells:

 Spells                   Type           Power      Damage    Failure   Level
 Sticky Flame             Conj/Fire      100%       2d11      0%          4
 Apportation              Tloc           100%       N/A       1%          1
 Necrotize                Necr           100%       1d9       1%          1
 Sandblast                Erth           68%        2d15      1%          1
 Slow                     Hex            100%       N/A       1%          1
 Summon Small Mammal      Summ           100%       N/A       1%          1
 Passwall                 Tmut/Erth      48%        N/A       1%          2
 Poisonous Vapours        Pois/Air       68%        N/A       1%          2
 Static Discharge         Conj/Air       83%        N/A       1%          2
 Sublimation of Blood     Necr           34%        N/A       1%          2
 Confusing Touch          Hex            74%        N/A       1%          3
 Dazzling Flash           Conj/Hex       100%       N/A       1%          3
 Gell's Gravitas          Tloc           69%        N/A       1%          3
 Stone Arrow              Conj/Erth      100%       3d13      1%          3
 Teleport Other           Tloc           69%        N/A       1%          3
 Vampiric Draining        Necr           34%        2d8       1%          3
 Anguish                  Hex/Necr       29%        N/A       1%          4
 Passage of Golubria      Tloc           69%        N/A       1%          4
 Petrify                  Tmut/Erth      58%        N/A       1%          4
 Blade Hands              Tmut           37%        N/A       1%          5
 Lightning Bolt           Conj/Air       41%        1d60      1%          5
 Iron Shot                Conj/Erth      41%        9d8       1%          6
 Starburst                Conj/Fire      55%        6d15      1%          6
 Metabolic Englaciation   Hex/Ice        29%        N/A       2%          5
 Silence                  Hex/Air        29%        N/A       2%          5
 Airstrike                Air            17%        N/A       3%          4
 Animate Armour           Summ/Erth      68%        N/A       3%          4
 Animate Dead             Necr           34%        N/A       3%          4
 Corpse Rot               Necr/Pois/Air  34%        N/A       3%          4
 Dispel Undead            Necr           34%        3d15      3%          4
 Olgreb's Toxic Radiance  Pois           34%        N/A       3%          4
 Summon Lightning Spire   Summ/Air       34%        N/A       3%          4
 Summon Forest            Summ/Tloc      27%        N/A       3%          5
 Dispersal                Tloc           34%        N/A       7%          6
 Statue Form              Tmut/Erth      38%        N/A       16%         6
 Enfeeble                 Hex            37%        N/A       26%         7
 Death Channel            Necr           17%        N/A       45%         6
 Lehudib's Crystal Spear  Conj/Erth      41%        10d10     61%         8
 Malign Gateway           Summ/Tloc      27%        N/A       69%         7
 Haunt                    Necr/Summ      17%        N/A       95%         7
 Ozocubu's Refrigeration  Ice            17%        4d8       95%         7
 Disjunction              Tloc           34%        N/A       95%         8
 Infestation              Necr           17%        N/A       100%        8
 Summon Horrible Things   Summ           17%        N/A       100%        8
 Fire Storm               Conj/Fire      55%        8d14      45%         9
 Chain Lightning          Conj/Air       41%        3d55      100%        9
 Shatter                  Erth           17%        3d16*     100%        9

Inventory:

Hand Weapons
 a - the +9 falchion "Wet Bine" (weapon) {flame, Will+, long}
   (You took it off a deep elf demonologist on level 3 of the Elven Halls)

   It burns those it strikes, dealing additional fire damage.
   Big, fiery blades are also staple armaments of hydra-hunters.
   Will:      It increases your willpower.
Missiles
 u - 15 javelins {throwing}
Armour
 s - the +1 pair of boots "Kirutt" (worn) {Contam rF+ rN+ Str-4 Dex+9}
   (You found it on level 2 of the Dungeon)

   Str:       It affects your strength (-4).
   Dex:       It affects your dexterity (+9).
   rF:        It protects you from fire.
   rN:        It protects you from negative energy.
   Contam:    It causes magical contamination when unequipped.
 t - a +2 pair of gloves (worn)
   (You found it on level 3 of the Dungeon)
 w - a +2 cloak of poison resistance
   (You took it off Maurice on level 9 of the Dungeon)
 C - a +1 buckler (worn)
   (You took it off a deep elf knight on level 1 of the Elven Halls)
 G - a +2 robe of resistance (worn)
   (You took it off an orc sorcerer on level 1 of the Orcish Mines)
 M - a +2 helmet (worn)
   (You found it on level 3 of the Dungeon)
 T - a scarf of repulsion (worn)
   (You found it on level 2 of the Lair of Beasts)
Magical Staves
 c - a staff of air {!astaff}
   (You found it on level 5 of the Dungeon)
 Q - a staff of cold {!astaff}
   (You took it off a deep elf annihilator on level 3 of the Elven Halls)
Jewellery
 d - a ring of wizardry (right hand)
   (You found it on level 1 of the Snake Pit)
 l - a ring of protection from cold
   (You found it on level 4 of the Dungeon)
 p - a ring of willpower
   (You found it in an ice cave)
 q - a ring of protection from fire
   (You found it in an ice cave)
 v - a ring of fire
   (You found it on level 13 of the Dungeon)
 B - a ring of positive energy
   (You found it on level 6 of the Lair of Beasts)
 F - a ring of magical power
   (You found it on level 1 of the Lair of Beasts)
 J - a ring of resist corrosion
   (You found it on level 8 of the Dungeon)
 L - a +6 ring of intelligence
   (You took it off a deep elf demonologist on level 3 of the Elven Halls)
 N - an amulet of magic regeneration (around neck) {@e2}
   (You found it on level 1 of the Lair of Beasts)
 R - a ring of see invisible
   (You found it on level 13 of the Dungeon)
 V - the ring of the Writhing Seer (left hand) {Contam rPois rN++ Str+3 Int+6 Slay+4}
   (You found it in a Gauntlet)

   [ring of intelligence]

   Str:       It affects your strength (+3).
   Int:       It affects your intelligence (+6).
   Slay:      It affects your accuracy & damage with ranged weapons and melee
   (+4).
   rPois:     It protects you from poison.
   rN:        It greatly protects you from negative energy.
   Contam:    It causes magical contamination when unequipped.
Wands
 H - a wand of acid (10)
   (You found it on level 10 of the Dungeon)
 P - a wand of digging (7)
   (You found it on level 1 of the Lair of Beasts)
 W - a wand of iceblast (29)
   (You found it on level 6 of the Dungeon)
Scrolls
 f - 11 scrolls of identify {@r1}
 o - 5 scrolls of poison
 z - 8 scrolls of teleportation {@r4}
 A - 4 scrolls of amnesia
 D - 2 scrolls of magic mapping {!r}
 O - 5 scrolls of fear
 S - a scroll of blinking {!r}
 U - 2 scrolls of silence {!r}
 X - 2 scrolls of immolation {!r!r}
 Z - 6 scrolls of fog
Potions
 e - 3 potions of resistance
 g - 2 potions of lignification {!q}
 h - 6 potions of brilliance
 i - 5 potions of haste {@q3}
 j - 4 potions of flight
 k - 4 potions of heal wounds {@q2}
 m - 3 potions of invisibility
 n - 9 potions of curing {@q1}
 r - 2 potions of attraction {!q}
 I - 4 potions of magic
 K - 4 potions of mutation {!q}
Miscellaneous
 b - a box of beasts
   (You found it in a Gauntlet)
 x - a piece from Xom's chessboard (15/15)
   (You found it on level 2 of the Snake Pit)
 y - a tin of tremorstones (2/2) {throwing}
   (You found it on level 1 of the Snake Pit)
 E - a lightning rod (4/4)
   (You found it on level 12 of the Dungeon)
 Y - a phantom mirror
   (You found it on level 3 of the Lair of Beasts)

Dungeon Overview and Level Annotations

Branches:
Dungeon (15/15)            Temple (0/1) D:6            Lair (6/6) D:10
 Shoals (0/4) Lair:2        Snake (3/4) Lair:3        Slime (0/5) Lair:6
    Orc (2/2) D:10            Elf (3/3) Orc:2        Vaults (0/5) D:13
 Depths (0/4) D:15          IceCv (visited)         Gauntlet (visited)

Shops:
D:7 *   D:11 *   Orc:2 :!(!?   Elf:1 [   Snake:1 =

Portals:
Trove: D:10 (give +6 demon blade)

Annotations:
D:8 exclusion: downstairs
D:10 1 transporter, exclusion: downstairs, acebull12's ghost, journeyman DsGl
D:14 3 runed translucent doors, Pesafeac's ghost, journeyman OpCj
Lair:2 exclusion: downstairs
Lair:3 3 runed translucent doors, BubbleThief's ghost, journeyman DsGl
Lair:6 2 runed translucent doors, Hywoepirr's ghost, journeyman OgSu
Elf:1 6 runed translucent doors
Elf:2 3 runed translucent doors

## .# #. ###
##W## #u@G#
##C#W#C##.##
#.## ###
##..# .#≈
≈.. # # #


You could see a cyan very ugly thing, 2 ettins, a flayed ghost (unsilenced), a
silent spectre (silencing) and a floating eye (charged, unsilenced).


Message History

You erupt in a fountain of uncontrolled magic!
The starcursed mass is blasted with magical radiation!!!
You destroy the starcursed mass!
That felt strangely unrewarding.
The starcursed mass is blasted with magical radiation!!
You destroy the starcursed mass!
That felt strangely unrewarding.
An ancient zyme comes into view.
You feel yourself growing ill in the presence of the ancient zyme.
Danger!
You feel yourself growing ill in the presence of the ancient zyme.
Danger!
You enter the shallow water.
Moving in this stuff is going to be slow.
Danger!
A worldbinder comes into view.
The worldbinder moves out of view.
Danger!
The worldbinder calls forth creatures from the Spider Nest!
Unknown command.
Unknown command.
Danger!
Casting: Irradiate (safe; 1% risk of failure)
Confirm with . or Enter, or press ? or * to list all spells.
You erupt in a fountain of uncontrolled magic!
The tarantella is blasted with magical radiation!!!
You kill the tarantella!
The tarantella's corpse disappears in a puff of smoke!
Casting: Irradiate (safe; 1% risk of failure)
Confirm with . or Enter, or press ? or * to list all spells.
You erupt in a fountain of uncontrolled magic!
The small abomination is blasted with magical radiation!!
The small abomination misses you.
Casting: Irradiate (safe; 1% risk of failure)
Confirm with . or Enter, or press ? or * to list all spells.
You erupt in a fountain of uncontrolled magic!
The small abomination is blasted with magical radiation!!!
You destroy the small abomination!
That felt strangely unrewarding.
You are lightly contaminated with residual magic.
The tarantella misses you.
Casting: Irradiate (safe; 1% risk of failure)
Confirm with . or Enter, or press ? or * to list all spells.
You erupt in a fountain of uncontrolled magic!
The tarantella is blasted with magical radiation!!
The tarantella twists and deforms.
You are contaminated with residual magic.
The tarantella disappears in a puff of smoke!
You feel less contaminated with magical energies.
Danger!
Danger!
As you read the scroll of teleportation {@r4}, it crumbles to dust.
You feel strangely unstable.
You feel the power of the Abyss delaying your translocation!
Danger!
Unknown command.
Unknown command.
You are suddenly pulled into a different region of the Abyss!
A silent spectre, a flayed ghost, a floating eye, a cyan very ugly thing and 3 ettins come into view.
An ettin is wielding a +0 giant spiked club of distortion and a +0 giant spiked club of chaos.
An ettin is wielding a +0 giant spiked club of distortion and a +0 giant club of chaos.
An ettin is wielding a +0 giant spiked club of distortion and a +0 giant club of chaos.
You see here an abyssal rune of Zot.
Danger!
You cannot cast spells when silenced!
You cannot cast spells when silenced!
Unknown command.
Unknown command.
Magic scrolls do not work when you're silenced!
Okay, then.
Unknown command.
Really attack while wielding your staff of air {!astaff}?
Okay, then.
The +9 falchion "Wet Bine" {flame, Will+, long} bursts into flame!
a - the +9 falchion "Wet Bine" (weapon)
{flame, Will+, long} The floating eye turns its gaze towards you.
Unknown command.
The helpless silent spectre fails to defend itself.
You slice the silent spectre!! You burn the silent spectre!
The floating eye seems to glare at you. The silent spectre misses you.
Unknown command.
You miss the silent spectre. The ettin closely misses you.
You block the ettin's attack.
The floating eye gazes piercingly through you!
You suddenly lose the ability to move!
The silent spectre hits you but does no damage.
The cyan very ugly thing stings you!! The cyan very ugly thing shocks you!!
The ettin hits you with a +0 giant spiked club of distortion!!
Space warps horribly around you!!
* * * LOW HITPOINT WARNING * * *
The ettin hits you with a +0 giant club of chaos!!
* * * LOW HITPOINT WARNING * * *
The ettin burns you.
* * * LOW HITPOINT WARNING * * *
The silent spectre barely misses you. The floating eye seems to glare at you.
An ettin comes into view.
It is wielding a +0 giant spiked club of distortion and a +0 giant club of chaos.
The cyan very ugly thing stings you!
* * * LOW HITPOINT WARNING * * *
The cyan very ugly thing shocks you!!
You die...

Skill      XL: |  1  2  3  4  5  6  7  8  9 10 11 12 13 14 15 16 17 |
---------------+----------------------------------------------------+-----
Spellcasting   | 2 3 4 5 6 8 9 11 13 15 | 15.0
Conjurations   | 4 5 7 8 9 10 11 12 14 15 16 | 16.0
Hexes          | 2 3 4 5 6 |  6.0
Dodging        | 3 4 5 6 7 |  7.0
Fighting       | 2 3 4 5 7 |  7.0
Translocations | 2 5 |  5.0
Transmutations | 4 5 6 |  6.0
Evocations     | 4 5 |  5.0
Fire Magic     | 8 13 15 | 15.6
Shields        | 4 |  4.0
Stealth        | |  1.7

Action                   |  1- 3 |  4- 6 |  7- 9 | 10-12 | 13-15 | 16-18 || total
-------------------------+-------+-------+-------+-------+-------+-------++-------
Melee: Dagger            |    12 |    40 |     4 |       |       |       ||    56
       Scimitar          |       |       |       |     9 |    11 |       ||    20
       Punch             |       |       |       |       |     1 |       ||     1
       Falchion          |       |       |       |       |       |     2 ||     2
 Fire: Hunting sling     |       |       |    80 |    69 |       |       ||   149
       Fustibalus        |       |       |       |       |     1 |       ||     1
Throw: Boomerang         |    70 |       |       |       |       |       ||    70
       Stone             |    17 |    39 |    33 |     1 |       |       ||    90
 Cast: Magic Dart        |    18 |       |       |       |   389 |     5 ||   412
       Searing Ray       |    29 |    39 |    74 |    47 |     8 |     3 ||   200
       Fulminant Prism   |       |       |    18 |   168 |   126 |    17 ||   329
       Iskenderun's Myst |       |       |     4 |    29 |   123 |    21 ||   177
       Irradiate         |       |       |       |    23 |    56 |    38 ||   117
       Iskenderun's Batt |       |       |       |       |   169 |    89 ||   258
       Tukima's Dance    |       |       |       |       |    22 |     6 ||    28
       Foxfire           |       |       |       |       |   180 |   345 ||   525
       Yara's Violent Un |       |       |       |       |    12 |    33 ||    45
       Ignition          |       |       |       |       |       |    26 ||    26
  Use: Scroll            |     9 |     1 |     9 |    10 |     3 |     5 ||    37
       Potion            |       |       |       |     8 |     3 |     2 ||    13
 Stab: Sleeping          |       |     1 |     1 |     1 |     2 |     1 ||     6
Armor: Robe              |     4 |    39 |    24 |    42 |    97 |    17 ||   223
Dodge: Dodged            |    27 |    38 |    40 |    82 |   215 |    72 ||   474
Block: Buckler           |       |       |       |       |       |     9 ||     9

Levels and vault maps discovered:
D:1:      dpeg_arrival_tiny_e, layout_loops_ring
D:2:      layout_basic, basic_altar, chequers_ecumenical_altar_simple_redux
D:3:      layout_basic, mainiacjoe_overflow_brackets, minmay_misc_feat_cross
D:4:      minmay_inner_zag, layout_loops_ring, ashenzari_altar_1,
          lemuel_mausoleum_altar_yredelemnul, chequers_mini_garden,
          nrook_mini_vaults, hangedman_glass_teeth, uniq_crazy_yiuf_cottage,
          uniq_pikel
D:5:      layout_layer_cave, nicolae_vehumet_radiance, uniq_grinder
D:6:      layout_layer_cave, minmay_temple_entry_junction
D:7:      layout_basic, nicolae_ru_the_path_less_chosen,
          gammafunk_temple_overflow_pools, serial_shops,
          nicolae_take_the_stairs, amcnicky_mini_pool_small, uniq_joseph
D:8:      layout_rooms, serial_curves, eino_curves_01, eino_curves_01,
          eino_curves_03, roderic_lattice_a, chequers_avenue
D:9:      layout_rooms, mainiacjoe_overflow_chevrons, uniq_maurice
D:10:     layout_roguey, kennysheep_mini, david_lair_generic,
          gammafunk_ghost_smash, enter_trove_3, nicolae_wwwww
D:11:     layout_rooms, guppyfry_shop_venom, uniq_urug
D:12:     layout_rooms
D:13:     layout_roguey, david_vaults_2
D:14:     layout_roguey, gammafunk_ghost_icy, lemuel_tele_altar, abandoned_shop
D:15:     grunt_enter_depths_hoard, layout_basic
Lair:1:   layout_concentric_octagons, nicolae_volcano_entry_vermiform
Lair:2:   layout_hall_layers, elwin_shoals_entry_rooms
Lair:3:   layout_misc_corridors, dummy_snake_entry, gammafunk_ghost_necromancy,
          grunt_forest_small_clearings, lemuel_fruit_tree, uniq_rupert
Lair:4:   layout_roguey, portal_ice_cave_rime, grunt_megastairs_4,
          lemuel_fruit_fields
Lair:5:   layout_long_grid
Lair:6:   grunt_lair_end_beastmaster, layout_misc_corridors, slime_altar_1,
          gauntlet_entry_generic, ebering_ghost_disaster_area,
          grunt_megastairs_1, uniq_josephine
Snake:1:  layout_onion_interference, serial_shops, shop, grunt_megastairs_3
Snake:2:  layout_gridlike, nicolae_snake_herptile_family_reunion
Snake:3:  layout_grid_maze
Orc:1:    layout_caves, uniq_snorg, uniq_jorgrun
Orc:2:    kennysheep_orc_mage_school, layout_caves, serial_shops,
          nicolae_shop_behind_doors, basic_altar, nicolae_orc_crystal_geode
Elf:1:    minmay_elf_arrival_summoners, layout_loops_corners, serial_shops,
          nicolae_shop_advertising_works [nicolae_subvault_shop_adworks],
          orc_legates, lemuel_upstairs_altar
Elf:2:    elven_hall_of_blades_hangedman_original
          [nicolae_blade_entry_crossed_weapons], layout_geoelf_diagonals
Elf:3:    minmay_elf_hall_furrowed, layout_gridlike
Abyss:3:  base: Snake:4, evilmike_abyss_rune_tso_outpost,
          hangedman_summoners_spam, minivault_5, evilmike_abyss_rune_ettins

Notes
Turn   | Place    | Note
-------+----------+-------------------------------------------
     0 | D:1      | Sobieck the Demigod Conjurer began the quest for the Orb.
     0 | D:1      | Reached XP level 1. HP: 14/14 MP: 5/5
    19 | D:1      | You pick up a book of Cantrips and begin reading...
    19 | D:1      | You add the spells Necrotize, Summon Small Mammal and
                  | Apportation to your library.
    77 | D:1      | Reached skill level 2 in Spellcasting
   200 | D:1      | Reached XP level 2. HP: 20/20 MP: 1/7
   203 | D:1      | Learned a level 2 spell: Searing Ray
   431 | D:1      | Reached skill level 4 in Conjurations
   943 | D:1      | Reached XP level 3. HP: 26/26 MP: 9/9
  1637 | D:2      | Identified the +1 pair of boots "Kirutt" {Contam rF+ rN+
                  | Str-4 Dex+9}
  2533 | D:3      | Noticed a necrophage
  2649 | D:3      | Killed a necrophage
  2650 | D:3      | Reached skill level 3 in Spellcasting
  2650 | D:3      | Reached XP level 4. HP: 30/33 MP: 2/11
  2738 | D:3      | Learned a level 4 spell: Fulminant Prism
  2785 | D:3      | Reached XP level 5. HP: 38/38 MP: 3/13
  2927 | D:3      | Reached skill level 5 in Conjurations
  2927 | D:3      | Reached skill level 1 in Hexes
  4081 | D:4      | Noticed a water moccasin
  4090 | D:4      | Killed a water moccasin
  4091 | D:4      | Reached skill level 4 in Spellcasting
  4091 | D:4      | Reached skill level 2 in Hexes
  4091 | D:4      | Reached XP level 6. HP: 33/45 MP: 5/15
  4382 | D:4      | Learned a level 4 spell: Iskenderun's Mystic Blast
  4764 | D:4      | Noticed Pikel
  4789 | D:4      | Killed Pikel
  4790 | D:4      | Reached skill level 5 in Spellcasting
  4790 | D:4      | Reached skill level 7 in Conjurations
  4790 | D:4      | Reached skill level 3 in Hexes
  4790 | D:4      | Reached XP level 7. HP: 23/50 MP: 1/17
  5181 | D:4      | Reached XP level 8. HP: 54/57 MP: 11/19
  5541 | D:4      | Reached skill level 8 in Conjurations
  5816 | D:4      | Found a runed translucent door.
  5817 | D:4      | Noticed Crazy Yiuf
  5823 | D:4      | Killed Crazy Yiuf
  5905 | D:5      | Entered Level 5 of the Dungeon
  6084 | D:5      | Reached skill level 2 in Dodging
  6092 | D:5      | Reached skill level 1 in Fighting
  6458 | D:5      | Noticed Grinder
  6464 | D:5      | Killed Grinder
  6465 | D:5      | Reached skill level 1 in Translocations
  6915 | D:5      | Reached skill level 2 in Fighting
  7030 | D:5      | Reached skill level 2 in Translocations
  7130 | D:5      | You add the spells Tukima's Dance, Passage of Golubria and
                  | Yara's Violent Unravelling to your library.
  7434 | D:5      | Identified the +5 scimitar of Zuohecw {venom, Str+2}
  7767 | D:6      | Reached skill level 3 in Dodging
  7767 | D:6      | Reached skill level 4 in Hexes
  7767 | D:6      | Reached XP level 9. HP: 42/68 MP: 13/21
  8313 | D:6      | Found a staircase to the Ecumenical Temple.
  9189 | D:7      | Noticed Joseph
  9200 | D:7      | Killed Joseph
  9201 | D:7      | Reached skill level 3 in Fighting
  9201 | D:7      | Reached skill level 3 in Translocations
  9449 | D:7      | Found Gonoggoc's General Store.
  9473 | D:7      | Reached skill level 6 in Spellcasting
  9655 | D:7      | Reached skill level 4 in Dodging
  9784 | D:7      | Reached skill level 5 in Hexes
  9944 | D:7      | Reached skill level 9 in Conjurations
  9973 | D:7      | Reached skill level 4 in Translocations
 10255 | D:8      | You pick up a book of the Moon and begin reading...
 10255 | D:8      | You add the spells Silence and Lehudib's Crystal Spear to
                  | your library.
 10261 | D:8      | Noticed a two-headed ogre
 10591 | D:8      | Killed a two-headed ogre
 10592 | D:8      | Reached skill level 5 in Translocations
 10592 | D:8      | Reached XP level 10. HP: 77/77 MP: 2/22
 10992 | D:8      | Noticed a two-headed ogre
 11001 | D:8      | Killed a two-headed ogre
 11002 | D:8      | Reached skill level 10 in Conjurations
 11547 | D:8      | You pick up a book of Alchemy and begin reading...
 11547 | D:8      | You add the spells Sublimation of Blood, Petrify and
                  | Irradiate to your library.
 11561 | D:8      | You pick up a book of Vapours and begin reading...
 11561 | D:8      | You add the spells Poisonous Vapours and Corpse Rot to your
                  | library.
 11768 | D:8      | Learned a level 5 spell: Irradiate
 11916 | D:9      | Noticed Maurice
 11916 | D:9      | Noticed a two-headed ogre
 12029 | D:9      | Reached skill level 1 in Transmutations
 12042 | D:9      | Killed a two-headed ogre
 12043 | D:9      | Reached skill level 2 in Transmutations
 12277 | D:9      | Killed Maurice
 12278 | D:9      | Reached skill level 3 in Transmutations
 12639 | D:8      | Reached skill level 5 in Dodging
 13028 | D:10     | Entered Level 10 of the Dungeon
 13156 | D:10     | Found a transporter.
 13157 | D:10     | Noticed a two-headed ogre
 13157 | D:10     | Noticed a two-headed ogre
 13157 | D:10     | Noticed acebull12's ghost (journeyman DsGl)
 13158 | D:10     | Noticed a two-headed ogre
 13206 | D:10     | Reached skill level 4 in Fighting
 13371 | D:10     | Noticed a two-headed ogre
 13371 | D:10     | Noticed a two-headed ogre
 13594 | D:10     | Reached skill level 4 in Transmutations
 13594 | D:10     | Reached XP level 11. HP: 84/84 MP: 17/25
 13788 | D:10     | Found a portal to a secret trove of treasure.
 13810 | D:10     | This trove needs a +6 demon blade to function. Give it the
                  | item?
 13900 | D:10     | Found a staircase to the Lair.
 14003 | D:10     | Found a staircase to the Orcish Mines.
 14140 | D:11     | Noticed Urug
 14279 | Lair:1   | Entered Level 1 of the Lair of Beasts
 14306 | Lair:1   | You fall into a shaft and drop 1 floor!
 14401 | Lair:1   | Reached skill level 7 in Spellcasting
 14650 | Lair:1   | Reached skill level 5 in Transmutations
 14910 | Lair:1   | Reached skill level 11 in Conjurations
 15274 | Lair:1   | Noticed a lindwurm
 15556 | Lair:1   | Killed a lindwurm
 16024 | Lair:2   | Upgraded the game from 0.29-a0-472-ge5599a681e to
                  | 0.29-a0-474-gdfe5cd140f
 16523 | Lair:2   | Reached skill level 5 in Fighting
 16844 | Lair:2   | Found a staircase to the Shoals.
 16968 | Lair:3   | Reached skill level 6 in Dodging
 16977 | Lair:3   | Noticed Rupert
 17016 | Lair:3   | Found a staircase to the Snake Pit.
 17239 | Lair:3   | Paralysed by Rupert for 3 turns
 17244 | Lair:3   | Paralysed by Rupert for 5 turns
 17254 | Lair:3   | Killed Rupert
 17255 | Lair:3   | Reached skill level 8 in Spellcasting
 17255 | Lair:3   | Reached XP level 12. HP: 52/95 MP: 12/28
 17463 | Lair:3   | Reached skill level 6 in Fighting
 17776 | Lair:3   | Noticed a five-headed hydra
 17783 | Lair:3   | Reached skill level 7 in Dodging
 17785 | Lair:3   | Noticed an eight-headed hydra
 17791 | Lair:3   | Killed a five-headed hydra
 17792 | Lair:3   | Reached skill level 12 in Conjurations
 17803 | Lair:3   | Killed an eight-headed hydra
 17950 | Lair:3   | You pick up a book of Misfortune and begin reading...
 17950 | Lair:3   | You add the spells Confusing Touch and Enfeeble to your
                  | library.
 18148 | Lair:3   | Found a runed translucent gate.
 18148 | Lair:3   | Found a runed translucent gate.
 18148 | Lair:3   | Found a runed translucent gate.
 18262 | Lair:3   | Noticed BubbleThief's ghost (journeyman DsGl)
 18381 | Lair:4   | Reached skill level 7 in Fighting
 18389 | Lair:4   | Noticed a four-headed hydra
 18396 | Lair:4   | Killed a four-headed hydra
 18436 | Lair:4   | Reached skill level 9 in Spellcasting
 18480 | Lair:4   | Reached skill level 1 in Evocations
 18519 | Lair:4   | Reached skill level 2 in Evocations
 18618 | Lair:4   | Found a frozen archway.
 18630 | IceCv    | Entered an ice cave
 18679 | IceCv    | You pick up a book of Decay and begin reading...
 18679 | IceCv    | You add the spells Dispel Undead and Death Channel to your
                  | library.
 18692 | IceCv    | You add the spells Malign Gateway and Summon Horrible
                  | Things to your library.
 18814 | IceCv    | Reached skill level 3 in Evocations
 18932 | IceCv    | You pick up a book of Maledictions and begin reading...
 19607 | Lair:5   | Noticed an eight-headed hydra
 19614 | Lair:5   | Killed an eight-headed hydra
 19615 | Lair:5   | Reached skill level 4 in Evocations
 19852 | Lair:5   | Reached XP level 13. HP: 105/105 MP: 29/31
 19934 | Lair:5   | Reached skill level 10 in Spellcasting
 20028 | Lair:5   | Learned a level 3 spell: Tukima's Dance
 20034 | Lair:5   | Learned a level 5 spell: Yara's Violent Unravelling
 20068 | Lair:5   | You pick up a book of Death and begin reading...
 20068 | Lair:5   | You add the spells Animate Dead, Haunt and Infestation to
                  | your library.
 20305 | Lair:5   | You pick up a book of Sloth and begin reading...
 20305 | Lair:5   | You add the spells Metabolic Englaciation and Statue Form
                  | to your library.
 20664 | Lair:6   | Entered Level 6 of the Lair of Beasts
 20674 | Lair:6   | Found a gate leading to a gauntlet.
 20674 | Lair:6   | Found a staircase to the Slime Pits.
 20681 | Gauntlet | Entered a Gauntlet
 20681 | Gauntlet | Found a transporter.
 20687 | Gauntlet | Found a runed translucent door.
 20690 | Gauntlet | Found a transporter.
 20691 | Gauntlet | Found a transporter.
 20692 | Gauntlet | Found a transporter.
 20700 | Gauntlet | Found a transporter.
 20703 | Gauntlet | Found a transporter.
 20704 | Gauntlet | Found a transporter.
 20715 | Gauntlet | Found a transporter.
 20716 | Gauntlet | Found a transporter.
 20717 | Gauntlet | Found a transporter.
 20725 | Gauntlet | Found a transporter.
 20727 | Gauntlet | Found a transporter.
 20728 | Gauntlet | Found a transporter.
 20736 | Gauntlet | Found a transporter.
 20990 | Gauntlet | Identified the ring of the Writhing Seer {Contam rPois rN++
                  | Str+3 Int+6 Slay+4}
 21035 | Gauntlet | Noticed a minotaur
 21042 | Gauntlet | Killed a minotaur
 21050 | Gauntlet | You pick up a book of Storms and begin reading...
 21050 | Gauntlet | You add the spells Airstrike, Summon Lightning Spire and
                  | Lightning Bolt to your library.
 21050 | Gauntlet | You add the spells Iskenderun's Battlesphere and Summon
                  | Forest to your library.
 21050 | Gauntlet | Got the Papyrus of Dislocated Damage Dealing
 21050 | Gauntlet | You pick up a book of the Warp and begin reading...
 21050 | Gauntlet | You add the spells Dispersal and Disjunction to your
                  | library.
 21059 | Gauntlet | You add the spells Gell's Gravitas and Teleport Other to
                  | your library.
 21179 | Lair:5   | Reached skill level 13 in Conjurations
 21179 | Lair:5   | Reached skill level 5 in Evocations
 21498 | Lair:6   | Noticed Josephine
 21505 | Lair:6   | Killed Josephine
 21548 | Lair:6   | Reached skill level 6 in Transmutations
 21604 | Lair:6   | Reached skill level 6 in Hexes
 21701 | Lair:5   | Learned a level 5 spell: Iskenderun's Battlesphere
 21703 | Lair:5   | Learned a level 1 spell: Magic Dart
 22053 | Lair:6   | Found a large runed translucent door.
 22054 | Lair:6   | Found a large runed translucent door.
 22055 | Lair:6   | Noticed Hywoepirr's ghost (journeyman OgSu)
 22602 | Lair:6   | Reached skill level 11 in Spellcasting
 22740 | Lair:6   | Identified the +1 leather armour of Theory {Dex+5 Slay+3}
 23079 | Orc:1    | Entered Level 1 of the Orcish Mines
 23094 | Orc:1    | Reached skill level 14 in Conjurations
 23301 | Orc:1    | Noticed Snorg
 23307 | Orc:1    | Killed Snorg
 23351 | Orc:1    | Noticed Jorgrun
 23575 | D:11     | Reached XP level 14. HP: 78/113 MP: 30/34
 23896 | D:11     | Found Plog's Serpentskin Sales.
 24000 | D:11     | Killed Urug
 24255 | D:11     | Reached skill level 12 in Spellcasting
 24649 | D:12     | You pick up a book of Geomancy and begin reading...
 24649 | D:12     | You add the spells Sandblast, Passwall and Stone Arrow to
                  | your library.
 24792 | D:12     | You pick up a book of Debilitation and begin reading...
 24792 | D:12     | You add the spells Slow and Vampiric Draining to your
                  | library.
 24959 | D:12     | You pick up a book of Spectacle and begin reading...
 24974 | D:12     | Got Magic, Part One
 25568 | D:13     | Found a gate to the Vaults.
 26736 | D:14     | Reached skill level 13 in Spellcasting
 26765 | D:14     | Reached skill level 15 in Conjurations
 26841 | D:14     | Found a runed translucent gate.
 26841 | D:14     | Found a runed translucent gate.
 26841 | D:14     | Found a runed translucent gate.
 26961 | D:14     | Noticed Pesafeac's ghost (journeyman OpCj)
 27183 | D:15     | Entered Level 15 of the Dungeon
 28186 | D:15     | Found a staircase to the Depths.
 28589 | Snake:1  | Entered Level 1 of the Snake Pit
 29042 | Snake:1  | Reached XP level 15. HP: 85/118 MP: 29/37
 29626 | Snake:1  | Found Mosh's Jewellery Emporium.
 29763 | Snake:1  | Reached skill level 14 in Spellcasting
 29763 | Snake:1  | Reached skill level 16 in Conjurations
 30364 | Snake:2  | You add the spells Olgreb's Toxic Radiance, Ozocubu's
                  | Refrigeration and Ignition to your library.
 30482 | Snake:2  | Learned a level 8 spell: Ignition
 30734 | Snake:2  | Reached skill level 1 in Fire Magic
 30930 | Snake:2  | Learned a level 1 spell: Foxfire
 31238 | Snake:2  | Reached skill level 2 in Fire Magic
 31385 | Snake:2  | Reached skill level 3 in Fire Magic
 31544 | Snake:2  | Reached skill level 15 in Spellcasting
 31560 | Snake:2  | Reached skill level 4 in Fire Magic
 31736 | Snake:2  | Reached skill level 5 in Fire Magic
 32334 | Snake:2  | Reached skill level 6 in Fire Magic
 32904 | Snake:3  | You pick up a book of Iron and begin reading...
 32904 | Snake:3  | You add the spells Animate Armour, Blade Hands and Iron
                  | Shot to your library.
 33402 | Snake:3  | Reached skill level 7 in Fire Magic
 34242 | Orc:1    | Killed Jorgrun
 34388 | Orc:1    | Reached skill level 8 in Fire Magic
 34657 | Orc:2    | Entered Level 2 of the Orcish Mines
 34688 | Orc:2    | Found a staircase to the Elven Halls.
 34823 | Orc:2    | Found Salufeas's Magic Scroll Shop.
 34852 | Orc:2    | Reached XP level 16. HP: 126/126 MP: 40/40
 35242 | Orc:2    | Found Wahaap's Book Emporium.
 35251 | Orc:2    | Bought a book of Annihilations for 840 gold pieces
 35251 | Orc:2    | You pick up a book of Annihilations and begin reading...
 35251 | Orc:2    | You add the spells Chain Lightning, Fire Storm and Shatter
                  | to your library.
 35362 | Orc:2    | Noticed Nergalle
 35369 | Orc:2    | Killed Nergalle
 35370 | Orc:2    | Reached skill level 9 in Fire Magic
 35425 | Orc:2    | Found Lothev's Distillery.
 35425 | Orc:2    | Found Ylailed's Distillery.
 35444 | Orc:2    | Found Ydek's Antique Weapon Emporium.
 35587 | Elf:1    | Entered Level 1 of the Elven Halls
 36379 | Elf:1    | Reached skill level 10 in Fire Magic
 36972 | Elf:1    | You are cast into the Abyss!
 36972 | Elf:1    | Cast into level 2 of the Abyss (a deep elf sorcerer)
 37023 | Elf:1    | You pass through the gate.
 37023 | Elf:1    | Escaped the Abyss
 37064 | Elf:1    | Found Ejuefrel's Armour Shop.
 37207 | Elf:1    | Reached skill level 11 in Fire Magic
 37482 | Elf:1    | Reached skill level 1 in Shields
 37757 | Elf:1    | Reached skill level 2 in Shields
 37777 | Elf:1    | Found a runed translucent gate.
 37777 | Elf:1    | Found a runed translucent gate.
 37777 | Elf:1    | Found a runed translucent gate.
 37777 | Elf:1    | Found a runed translucent gate.
 37777 | Elf:1    | Found a runed translucent gate.
 37778 | Elf:1    | Found a runed translucent gate.
 38209 | Elf:2    | You pick up a book of Touch and begin reading...
 38209 | Elf:2    | You add the spells Static Discharge and Sticky Flame to
                  | your library.
 38261 | Elf:2    | Paralysed by an air elemental for 1 turns
 38267 | Elf:2    | Reached skill level 3 in Shields
 38402 | Elf:2    | Reached skill level 12 in Fire Magic
 38412 | Elf:1    | Reached skill level 4 in Shields
 38980 | Elf:2    | Identified the +5 long sword of a Labyrinth {freeze,
                  | *Corrode rF+++ Str+5 Dex-2}
 39003 | Elf:2    | Reached skill level 13 in Fire Magic
 39145 | Elf:2    | Found a runed translucent gate.
 39145 | Elf:2    | Found a runed translucent gate.
 39146 | Elf:2    | Found a runed translucent gate.
 39311 | Elf:3    | Entered Level 3 of the Elven Halls
 39316 | Elf:3    | Reached XP level 17. HP: 132/132 MP: 31/41
 39934 | Elf:3    | Reached skill level 14 in Fire Magic
 39979 | Elf:3    | Noticed a Hell Sentinel
 40441 | Elf:3    | Noticed a deep elf blademaster
 40449 | Elf:3    | Killed a deep elf blademaster
 40501 | Elf:3    | Identified the +9 falchion "Wet Bine" {flame, Will+}
 40664 | Elf:3    | Reached skill level 15 in Fire Magic
 40884 | Elf:3    | Noticed a deep elf blademaster
 40891 | Elf:3    | Killed a deep elf blademaster
 41592 | Elf:3    | Noticed a deep elf blademaster
 41599 | Elf:3    | Killed a deep elf blademaster
 41725 | Elf:3    | You are cast into the Abyss!
 41725 | Elf:3    | Cast into level 3 of the Abyss (a deep elf sorcerer)
 41799 | Abyss:3  | Noticed a bone dragon
 41844 | Abyss:3  | Paralysed by a floating eye for 4 turns
 41844 | Abyss:3  | HP: 18/132 [ettin/+0 giant spiked club of distortion (26)]
 41845 | Abyss:3  | HP: 1/132 [cyan very ugly thing (13)]
 41845 | Abyss:3  | Demolished by a cyan very ugly thing

Vanquished Creatures
  Rupert (Lair:3)
  Jorgrun (Orc:1)
  3 deep elf blademasters (Elf:3)
  A deep elf master archer (Elf:3)
  8 deep elf sorcerers
  2 deep elf elementalists (Elf:3)
  8 deep elf demonologists
  13 deep elf annihilators
  A minotaur (Gauntlet)
  Snorg (Orc:1)
  A deep elf death mage (Elf:2)
  2 fire dragons (D:15)
  3 ogre magi
  6 deep elf high priests
  Josephine (Lair:6)
  5 centaur warriors
  9 hydras
  3 boulder beetles
  3 catoblepae
  10 naga warriors
  7 two-headed ogres
  A death knight (D:14)
  2 alligators (Snake:2)
  4 alligator snapping turtles (Snake:2)
  8 anacondas
  15 dancing weapons
  4 death yaks (Lair:6)
  A deep troll shaman (Lair:6)
  A tengu warrior (D:13)
  An orc high priest (Elf:1)
  Urug (D:11)
  7 naga sharpshooters
  3 shock serpents
  Nergalle (Orc:2)
  16 deep elf knights
  3 salamander mystics
  2 goliath frogs (Snake:2)
  2 sea snakes (Snake:2)
  3 starcursed masses (Abyss:3)
  A lindwurm (Lair:1)
  2 wizards
  17 deep elf archers
  24 deep elf zephyrmancers
  A naga ritualist (Snake:2)
  Pikel (D:4)
  2 orc knights
  26 deep elf pyromancers
  A salamander (shapeshifter) (D:13)
  11 ugly things
  An oklob plant (Lair:4)
  7 cyclopes
  5 salamanders (Snake:1)
  8 orc sorcerers
  4 mana vipers
  3 manticores
  10 elephants
  Joseph (D:7)
  3 ice statues (IceCv)
  28 black mambas
  9 naga magi
  A gargoyle (D:12)
  Maurice (D:9)
  3 torpor snails
  6 guardian serpents
  11 komodo dragons
  13 cane toads
  2 kobold demonologists (D:12)
  6 rime drakes
  An unseen horror (D:12)
  An entropy weaver simulacrum (IceCv)
  A tengu conjurer (D:11)
  7 trolls
  A merfolk (Lair:2)
  A hornet (D:7)
  3 polar bears
  Grinder (D:5)
  15 blink frogs
  3 snapping turtles (Snake:2)
  4 dream sheep (Lair:4)
  2 shadows
  2 spriggans (shapeshifter) (D:15)
  A wyvern (shapeshifter) (Elf:1)
  3 wyverns
  3 water elementals
  An air elemental (Elf:2)
  6 basilisks
  7 wraiths
  4 fire elementals
  34 yaks
  8 vampire mosquitoes
  A steam dragon (D:7)
  2 wargs
  A harpy simulacrum (IceCv)
  4 acid dragons
  27 nagas
  14 water moccasins
  2 sky beasts (D:7)
  16 orc warriors
  6 black bears
  3 boggarts (D:15)
  13 ogres
  23 wolves
  3 lemures (D:4)
  A phantom (D:5)
  7 centaurs
  4 kobold brigands
  13 bullfrogs
  2 earth elementals
  5 necrophages
  A cane toad simulacrum (IceCv)
  2 scorpions
  6 wights
  A small abomination (Abyss:3)
  An elephant simulacrum (IceCv)
  4 killer bees (D:9)
  A howler monkey (D:9)
  A bullfrog zombie (D:4)
  A hound (D:5)
  4 jellies
  A human zombie (D:4)
  13 orc priests
  Crazy Yiuf (D:4)
  5 iguanas
  39 orc wizards
  2 polar bear simulacra (IceCv)
  2 wolf simulacra (IceCv)
  3 mummies (D:4)
  A howler monkey zombie (D:4)
  11 gnolls
  8 adders
  3 shadow imps (Gauntlet)
  3 white imps
  2 ufetubi (D:6)
  An adder zombie (D:4)
  A worm (D:2)
  2 dart slugs
  76 orcs
  7 bats
  7 endoplasms
  5 giant cockroaches
  6 goblins
  8 hobgoblins
  7 jackals
  4 quokkas
  7 ball pythons
  2 frilled lizards
  34 kobolds
  2 quokka zombies (D:4)
  5 rats
  A bush (Lair:3)
  19 foxfires
938 creatures vanquished.

Vanquished Creatures (collateral kills)
  2 naga sharpshooters (Snake:2)
  A naga (Snake:3)
3 creatures vanquished.

Vanquished Creatures (others)
  4 dancing weapons
  899 foxfires
  329 fulminant prisms
  34 fungi
  60 plants
1326 creatures vanquished.

Grand Total: 2267 creatures vanquished

Table legend:
 A = Non-vault XP
 B = Vault XP
 C = Vault XP percentage of total XP
 D = Non-vault monster count
 E = Vault monster count
 F = Vault count percentage of total count
                 A         B        C        D         E       F
            +---------+---------+-------+---------+---------+-------
      Total |  188461 |  114521 |  37.8 |     696 |     222 |  24.2
            +---------+---------+-------+---------+---------+-------
        D:1 |      53 |       0 |   0.0 |      29 |       0 |   0.0
        D:2 |      39 |       0 |   0.0 |      15 |       0 |   0.0
        D:3 |     343 |       0 |   0.0 |      34 |       0 |   0.0
        D:4 |     313 |    1206 |  79.4 |      12 |      20 |  62.5
        D:5 |     982 |     267 |  21.4 |      27 |       1 |   3.6
        D:6 |     714 |       0 |   0.0 |      14 |       0 |   0.0
        D:7 |    1372 |     471 |  25.6 |      24 |       1 |   4.0
        D:8 |    3274 |       0 |   0.0 |      32 |       0 |   0.0
        D:9 |    2183 |     433 |  16.6 |      27 |       1 |   3.6
       D:10 |    1471 |     753 |  33.9 |      15 |       4 |  21.1
       D:11 |    4203 |     813 |  16.2 |      20 |       3 |  13.0
       D:12 |    4871 |       0 |   0.0 |      21 |       0 |   0.0
       D:13 |    6368 |    2525 |  28.4 |      13 |       3 |  18.8
       D:14 |   10467 |       0 |   0.0 |      25 |       0 |   0.0
       D:15 |    7359 |    1836 |  20.0 |      23 |       2 |   8.0
     Lair:1 |    3268 |     697 |  17.6 |       9 |       1 |  10.0
     Lair:2 |    2714 |     325 |  10.7 |      12 |       1 |   7.7
     Lair:3 |    9903 |    1994 |  16.8 |      37 |       1 |   2.6
     Lair:4 |    7557 |     749 |   9.0 |      28 |       2 |   6.7
     Lair:5 |    9729 |     407 |   4.0 |      32 |       1 |   3.0
     Lair:6 |    6562 |   11120 |  62.9 |      24 |      23 |  48.9
    Snake:1 |   14753 |    2233 |  13.1 |      28 |       4 |  12.5
    Snake:2 |   20562 |   15104 |  42.3 |      46 |      23 |  33.3
    Snake:3 |   10232 |       0 |   0.0 |      20 |       0 |   0.0
      Orc:1 |    2307 |    2831 |  55.1 |      27 |       2 |   6.9
      Orc:2 |    2361 |    7697 |  76.5 |      12 |      35 |  74.5
      Elf:1 |   15077 |   15528 |  50.7 |      22 |      30 |  57.7
      Elf:2 |   30433 |    3311 |   9.8 |      49 |       4 |   7.5
      Elf:3 |    8991 |   38165 |  80.9 |      15 |      34 |  69.4
    Abyss:3 |       0 |       0 |   N/A |       4 |       1 |  20.0
      IceCv |       0 |    3266 | 100.0 |       0 |      13 | 100.0
   Gauntlet |       0 |    2790 | 100.0 |       0 |      12 | 100.0
            +---------+---------+-------+---------+---------+-------

Illustrated notes

Table legend:
 A = Kills in this place as a percentage of kills in entire the game.
 B = Kills by you in this place as a percentage of kills by you in the entire game.
 C = Kills by friends in this place as a percentage of kills by friends in the entire game.
 D = Other kills in this place as a percentage of other kills in the entire game.
 E = Experience gained in this place as a percentage of experience gained in the entire game.
 F = Experience gained in this place divided by the number of levels of this place that you have seen.
                   A       B       C       D       E      F
               +-------+-------+-------+-------+-------+----------------------
         Total | 100.0 | 100.0 | 100.0 |   N/A | 100.0 | 9181.3
       Dungeon |  39.9 |  40.0 |   0.0 |   N/A |  17.3 | 3487.7
          Lair |  18.6 |  18.7 |   0.0 |   N/A |  18.2 | 9170.8
     Snake Pit |  13.2 |  12.9 | 100.0 |   N/A |  20.8 | 20961.3
  Orcish Mines |   8.3 |   8.3 |   0.0 |   N/A |   5.0 | 7598.0
   Elven Halls |  16.8 |  16.8 |   0.0 |   N/A |  36.8 | 37168.3
         Abyss |   0.5 |   0.5 |   0.0 |   N/A |   0.0 |   0.0
      Ice Cave |   1.4 |   1.4 |   0.0 |   N/A |   1.1 | 3266.0
      Gauntlet |   1.3 |   1.3 |   0.0 |   N/A |   0.9 | 2790.0
               +-------+-------+-------+-------+-------+----------------------

Table legend: (Time is in decaauts)
 A = Elapsed time spent in this place.
 B = Non-inter-level travel time spent in this place.
 C = Inter-level travel time spent in this place.
 D = Time resting spent in this place.
 E = Time spent auto-exploring this place.
 F = Levels seen in this place.
 G = Mean time per level.
                   A        B        C        D        E       F      G
               +--------+--------+--------+--------+--------+-----+--------+
         Total |  42071 |  40431 |   1640 |  10975 |  18017 |  33 | 1274.9 |
       Dungeon |  19613 |  18906 |    707 |   4349 |  10661 |  15 | 1307.5 |
          Lair |   8432 |   7802 |    630 |   2058 |   3566 |   6 | 1405.3 |
     Snake Pit |   5239 |   5050 |    189 |   1661 |   2046 |   3 | 1746.3 |
  Orcish Mines |   2239 |   2182 |     57 |    691 |    782 |   2 | 1119.5 |
   Elven Halls |   5533 |   5477 |     56 |   2053 |    896 |   3 | 1844.3 |
         Abyss |    173 |    173 |      0 |      3 |      0 |   2 |   86.5 |
      Ice Cave |    348 |    348 |      0 |     81 |      0 |   1 |  348.0 |
      Gauntlet |    490 |    490 |      0 |     78 |     66 |   1 |  490.0 |
               +--------+--------+--------+--------+--------+-----+--------+

Top non-repeatable levels by time:
 Snake:2: 2341 daAuts
   Elf:1: 2241 daAuts
   Elf:3: 2234 daAuts
     D:4: 1884 daAuts
     D:5: 1849 daAuts
     D:8: 1818 daAuts
  Lair:1: 1784 daAuts
     D:3: 1702 daAuts
 Snake:3: 1606 daAuts
  Lair:5: 1595 daAuts
    D:10: 1570 daAuts
     D:6: 1536 daAuts
  Lair:3: 1520 daAuts
   Orc:2: 1511 daAuts
  Lair:2: 1348 daAuts
